 Dungeon Crawl Stone Soup version 0.28-a0-413-gde365fb1df (webtiles) character file.

Game seed: 11333492517264340100

135377 Jawa73 the Thaumaturge (level 17, -1/131 HPs)
             Began as a Gnoll Earth Elementalist on Sept 5, 2021.
             Was a High Priest of Vehumet.
             Slain by a wolf spider (11 damage)
             ... on level 1 of the Spider Nest on Sept 7, 2021.
             The game lasted 03:14:16 (39346 turns).

Jawa73 the Thaumaturge (Gnoll Earth Elementalist)  Turns: 39346, Time: 03:14:17

Health: -1/131     AC: 19    Str: 13    XL:     17   Next: 19%
Magic:  29/33      EV: 23    Int: 18    God:    Vehumet [*****.]
Gold:   1971       SH: 12    Dex: 17    Spells: 5/40 levels left

rFire   + + .      SeeInvis +   J - +11 morningstar "Hydraslayer" {spect, +Rage}
rCold   + . .      Faith    .   X - +0 buckler
rNeg    . . .      Spirit   .   G - +5 robe of Night {Dark Will+ SInv}
rPois   .          Reflect  +   v - +2 helmet
rElec   .          Harm     .   R - +1 cloak
rCorr   .          Rampage  .   S - +2 pair of gloves {Str+3}
Will    ++...                   O - +0 pair of boots
Stlth   +++++.....              Q - amulet of reflection
HPRegen 0.31/turn               M - ring "Ekkutyruze" {rF+++ EV+4 Int-2 Dex+5}
MPRegen 0.23/turn               B - ring of ice

@: no status effects
A: fangs 1, strong nose, distributed training
a: Renounce Religion, Evoke Berserk Rage


You were on level 1 of the Spider Nest.
You worshipped Vehumet.
Vehumet was extremely pleased with you.
You visited 5 branches of the dungeon, and saw 25 of its levels.
You also visited: Bailey and Gauntlet.

You collected 5142 gold pieces.
You spent 3171 gold pieces at shops.

Inventory:

Hand Weapons
 a - a +4 long sword of holy wrath
 b - the +7 arbalest "Vuudues" {speed, rPois rF+ rN+ Stlth+}
   (You acquired it on level 2 of the Orcish Mines)

   Attacks with this weapon are significantly faster.
   rF:        It protects you from fire.
   rPois:     It protects you from poison.
   rN:        It protects you from negative energy.
   Stlth:     It makes you more stealthy.
 J - the +11 morningstar "Hydraslayer" (weapon) {spect, +Rage}
   (You found it in a Gauntlet)

   When its wielder attacks, the weapon's spirit leaps out and strikes again.
   The spirit shares a part of any damage it takes with its wielder.
   +Rage:     It lets you go berserk.
 U - a +8 vorpal morningstar
Missiles
 i - a throwing net
 k - 8 silver javelins
 I - 7 datura-tipped darts
 L - 84 bolts
 V - 76 stones (quivered)
Armour
 c - the +2 scale mail of Moral Flaws {rC++}
   (You found it on level 6 of the Lair of Beasts)

   rC:        It greatly protects you from cold.
 g - a +2 robe of the Archmagi
 p - the +0 helmet of the Journeyman {Rampage Int-2 Dex+7}
   (You found it in a Gauntlet)

   Int:       It affects your intelligence (-2).
   Dex:       It affects your dexterity (+7).
   Rampage:   It bestows one free step when moving towards enemies.
 v - a +2 helmet (worn)
 G - the +5 robe of Night (worn) {Dark Will+ SInv}
   (You found it on level 8 of the Dungeon)

   It shrouds the wearer in darkness, reducing the range at which they can see
   and be seen by others.
   SInv:      It lets you see invisible.
   Will:      It increases your willpower.
 O - a +0 pair of boots (worn)
 R - a +1 cloak (worn)
 S - a +2 pair of gloves of strength (worn)
 X - a +0 buckler (worn)
Magical Staves
 h - a staff of poison
 C - a staff of air
 Y - a staff of cold
Jewellery
 u - an amulet of magic regeneration
 B - a ring of ice (right hand)
 M - the ring "Ekkutyruze" (left hand) {rF+++ EV+4 Int-2 Dex+5}
   (You bought it in a shop on level 11 of the Dungeon)

   [ring of evasion]

   EV:        It affects your evasion (+4).
   Int:       It affects your intelligence (-2).
   Dex:       It affects your dexterity (+5).
   rF:        It renders you almost immune to fire.
 Q - an amulet of reflection (around neck)
Wands
 e - a wand of charming (8)
 s - a wand of flame (26)
 z - a wand of mindburst (11)
 A - a wand of polymorph (27)
 H - a wand of iceblast (20)
Scrolls
 j - 2 scrolls of torment
 l - 2 scrolls of amnesia
 r - 2 scrolls of fear
 w - 4 scrolls of silence
 x - 8 scrolls of teleportation
 y - 5 scrolls of vulnerability
 E - 2 scrolls of magic mapping
 K - 3 scrolls of immolation
Potions
 d - 2 potions of resistance
 f - 3 potions of invisibility
 m - 2 potions of flight
 n - 6 potions of might
 o - 2 potions of mutation
 q - 4 potions of curing
 t - 4 potions of magic
 D - 10 potions of brilliance
 F - 2 potions of berserk rage {unknown}
 N - a potion of heal wounds {unknown}
 P - a potion of lignification {unknown}
 T - 4 potions of haste
 Z - 2 potions of cancellation
Miscellaneous
 W - a lightning rod (4/4)


   Skills:
 + Level 11.2 Fighting
 + Level 11.2 Short Blades
 + Level 11.2 Long Blades
 + Level 11.2 Axes
 + Level 11.2 Maces & Flails
 + Level 11.2 Polearms
 + Level 11.2 Staves
 + Level 11.2 Slings
 + Level 11.2 Bows
 + Level 11.2 Crossbows
 + Level 11.2 Throwing
 + Level 11.2 Armour
 + Level 12.0 Dodging
 + Level 11.9 Stealth
 + Level 11.2 Shields
 + Level 11.2 Unarmed Combat
 + Level 12.2 Spellcasting
 + Level 9.6 Conjurations
 + Level 9.6 Hexes
 + Level 9.6 Summonings
 + Level 9.6 Necromancy
 + Level 9.6 Translocations
 + Level 9.8 Transmutations
 + Level 9.6 Fire Magic
 + Level 9.6 Ice Magic
 + Level 9.6 Air Magic
 + Level 10.9 Earth Magic
 + Level 9.6 Poison Magic
 + Level 12.1 Invocations
 + Level 11.2 Evocations


You had 5 spell levels left.
You knew the following spells:

 Your Spells              Type           Power      Damage    Failure   Level
a - Fulminant Prism       Conj/Hex       22%        3d13      1%          4
b - Stone Arrow           Conj/Erth      96%        3d13      1%          3
c - Passwall              Tmut/Erth      40%        N/A       1%          2
d - Petrify               Tmut/Erth      48%        N/A       1%          4
e - Starburst             Conj/Fire      22%        6d8       5%          6
f - Blink                 Tloc           N/A        N/A       1%          2
g - Summon Ice Beast      Ice/Summ       62%        N/A       1%          4
h - Lee's Rapid Deconstr  Erth           25%        3d15*     1%          5
i - Freezing Cloud        Conj/Ice/Air   31%        6-21      1%          5

Your spell library contained the following spells:

 Spells                   Type           Power      Damage    Failure   Level
 Ozocubu's Refrigeration  Ice            31%        4d11      26%         7
 Magic Dart               Conj           100%       1d8       1%          1
 Sandblast                Erth           100%       2d20      1%          1
 Summon Small Mammal      Summ           100%       N/A       1%          1
 Corpse Rot               Necr/Air       N/A        N/A       1%          2
 Ensorcelled Hibernation  Hex/Ice        100%       N/A       1%          2
 Poisonous Vapours        Pois/Air       90%        N/A       1%          2
 Searing Ray              Conj           90%        2d7       1%          2
 Sublimation of Blood     Necr           22%        N/A       1%          2
 Call Canine Familiar     Summ           45%        N/A       1%          3
 Conjure Flame            Conj/Fire      45%        6-21      1%          3
 Dazzling Flash           Conj/Hex       90%        N/A       1%          3
 Gell's Gravitas          Tloc           22%        N/A       1%          3
 Ignite Poison            Fire/Tmut/Pois 45%        N/A       1%          3
 Lesser Beckoning         Tloc           45%        N/A       1%          3
 Mephitic Cloud           Conj/Pois/Air  45%        N/A       1%          3
 Spider Form              Tmut/Pois      23%        N/A       1%          3
 Summon Guardian Golem    Hex/Summ       45%        N/A       1%          3
 Teleport Other           Tloc           45%        N/A       1%          3
 Tukima's Dance           Hex            45%        N/A       1%          3
 Animate Armour           Summ/Erth      96%        N/A       1%          4
 Animate Dead             Necr           22%        N/A       1%          4
 Iskenderun's Mystic Bla  Conj/Tloc      45%        2d10      1%          4
 Passage of Golubria      Tloc           N/A        N/A       1%          4
 Sticky Flame             Conj/Fire      45%        2d6       1%          4
 Irradiate                Conj/Tmut      23%        3d21      1%          5
 Yara's Violent Unravell  Hex/Tmut       23%        3d10      1%          5
 Agony                    Necr           45%        N/A       3%          5
 Manifold Assault         Tloc           45%        N/A       3%          5
 Silence                  Hex/Air        22%        N/A       3%          5
 Summon Mana Viper        Hex/Summ       45%        N/A       3%          5
 Death Channel            Necr           22%        N/A       19%         6
 Monstrous Menagerie      Summ           22%        N/A       71%         7
 Lehudib's Crystal Spear  Conj/Erth      24%        10d7      80%         8
 Chain Lightning          Conj/Air       22%        3d30      100%        9


Dungeon Overview and Level Annotations

Branches:
Dungeon (15/15)            Temple (1/1) D:6            Lair (6/6) D:11
 Shoals (0/4) Lair:2       Spider (1/4) Lair:3        Slime (0/5) Lair:5
    Orc (2/2) D:11            Elf (0/3) Orc:2        Vaults (0/5) D:13
 Depths (0/5) D:15         Bailey (visited)         Gauntlet (visited)

Altars:
Ashenzari
Cheibriados
Dithmenos
Elyvilon
Fedhas
Gozag
Hepliaklqana
Kikubaaqudgha
Makhleb
Nemelex Xobeh
Okawaru
Qazlal
Ru
Sif Muna
Trog
Uskayaw
Vehumet
Wu Jian
Xom
Yredelemnul
Zin
The Shining One
Beogh

Shops:
D:5 *   D:11 =   Orc:1 =   Orc:2 (?:?


Innate Abilities, Weirdness & Mutations

You have very sharp teeth.
Your uncanny sense of smell can sniff out nearby items.
Your experience applies equally to all skills.


Message History

You feel a surge of power! That beam is likely to hit you.
Continue anyway?
You are engulfed in freezing vapours.
You resist.
The wolf spider is engulfed in freezing vapours.
The wolf spider is engulfed in freezing vapours.
You block the wolf spider's attack. The wolf spider barely misses you.
The moth of wrath is engulfed in freezing vapours.
You see here a jumping spider corpse.
The wolf spider is engulfed in freezing vapours.
The wolf spider misses you. You block the wolf spider's attack.
The moth of wrath is engulfed in freezing vapours.
The wolf spider is engulfed in freezing vapours.
The wolf spider misses you. The wolf spider bites you.
You are poisoned.
The wolf spider poisons you!
You feel better.
The moth of wrath is engulfed in freezing vapours.
The wolf spider is engulfed in freezing vapours.
The wolf spider hits you. The wolf spider bites you!
You are poisoned.
The wolf spider poisons you!
You feel extremely sick. You block the wolf spider's attack.
The wolf spider bites you but does no damage.
The moth of wrath goads the wolf spider on!
The wolf spider goes berserk!
The wolf spider hits you.
The wolf spider bites you but does no damage.
You see here a jumping spider corpse.
You feel very sick.
The wolf spider is engulfed in freezing vapours.
The wolf spider hits you!!
* * * LOW HITPOINT WARNING * * *
The wolf spider bites you!
* * * LOW HITPOINT WARNING * * *
You are more poisoned.
The wolf spider poisons you!
You feel better.
The wolf spider is engulfed in freezing vapours.
The wolf spider hits you!
You die...

#.###
##......
#.......
#.......
#....§..
##@§§§...
#ys§§....
#.<§§○...
#.†§.....
#........
####.....
.....
....


You could see a wolf spider (berserk) and a moth of wrath.

Vanquished Creatures
  Rupert (D:13)
  Gastronok (Lair:1)
  2 stone giants
  A minotaur (Gauntlet)
  An entropy weaver (Spider:1)
  A dire elephant (Lair:6)
  Snorg (Lair:4)
  Josephine (D:14)
  12 hydras
  3 boulder beetles
  5 ogre magi
  4 centaur warriors
  15 two-headed ogres
  Urug (D:13)
  2 orc high priests (Orc:2)
  5 tengu warriors
  A hell hog (Gauntlet)
  5 death yaks (Lair:2)
  A fire crab (shapeshifter) (D:15)
  4 skeletal warriors (D:15)
  A wizard (D:10)
  2 lindwurms
  Pikel (D:5)
  2 wolf spiders (Spider:1)
  3 ugly things
  An orc sorcerer (Orc:2)
  4 cyclopes
  7 manticores
  2 moths of wrath (Gauntlet)
  An oklob plant (Lair:4)
  4 centaur zombies
  A merfolk siren (Lair:2)
  5 elephants
  Maurice (Orc:1)
  A guardian serpent (D:13)
  An eye of devastation (shapeshifter) (D:15)
  5 black mambas
  A guardian serpent (shapeshifter) (D:12)
  3 gargoyles
  11 cane toads
  2 torpor snails
  A yaktaur (D:15)
  7 rime drakes
  2 tengu conjurers
  An unseen horror (D:12)
  A demonic crawler (Spider:1)
  14 komodo dragons
  6 trolls
  A queen bee (Gauntlet)
  13 jumping spiders
  7 dream sheep
  12 polar bears (Lair:6)
  Prince Ribbit (D:5)
  2 hornets
  6 blink frogs
  3 raiju
  17 slime creatures
  3 redbacks (Lair:3)
  Sigmund (D:2)
  3 shadows
  A tarantella (Spider:1)
  5 wraiths
  6 wyverns
  2 vampires
  A tarantella (shapeshifter) (D:10)
  16 humans (D:13)
  3 fire bats (Gauntlet)
  48 yaks
  6 basilisks
  A hog (shapeshifter) (D:14)
  A steam dragon (D:9)
  13 vampire mosquitoes
  2 acid dragons
  6 wargs
  14 water moccasins
  Duvessa (D:5)
  17 hell hounds
  A hornet zombie (D:4)
  23 orc warriors
  An ice beast (D:6)
  A sky beast (D:4)
  14 black bears
  25 ogres
  23 wolves
  17 centaurs
  5 kobold brigands
  15 bullfrogs
  Dowan (D:5)
  3 gnoll sergeants (D:11)
  A water moccasin zombie (D:6)
  6 killer bees (Gauntlet)
  14 wights
  A howler monkey (D:4)
  3 jellies
  A human zombie (D:5)
  8 orc priests
  A gnoll shaman (D:3)
  2 hounds
  A bullfrog skeleton (D:5)
  4 iguanas
  12 orc wizards
  2 lightning spires (Gauntlet)
  A killer bee zombie (D:8)
  A hound skeleton (D:4)
  14 gnolls
  13 adders
  An ufetubus (D:5)
  2 worms (D:3)
  62 orcs
  4 bats
  8 endoplasms
  6 giant cockroaches
  9 hobgoblins
  12 jackals
  35 kobolds
  7 quokkas
  9 ball pythons
  5 frilled lizards
  11 goblins
  6 rats
  A bush (D:7)
762 creatures vanquished.

Vanquished Creatures (collateral kills)
  2 hydras
  A catoblepas (Lair:6)
  3 two-headed ogres
  A manticore (Lair:6)
  A polar bear (Lair:6)
  2 slime creatures (D:12)
  3 yaks
  A vampire mosquito (D:10)
  A warg (Orc:1)
  2 orc warriors
  8 ogres (Orc:2)
  2 centaurs
  A kobold brigand (D:9)
  A centaur zombie (D:7)
  A hound (D:5)
  An orc priest (Orc:2)
  2 orc wizards
  2 gnolls (D:11)
  7 orcs
  A hobgoblin (Bailey)
  2 kobolds (D:9)
45 creatures vanquished.

Vanquished Creatures (others)
  A human (D:5)
  7 fulminant prisms
  26 fungi
  61 plants
95 creatures vanquished.

Grand Total: 902 creatures vanquished

Notes
Turn   | Place    | Note
-------+----------+-------------------------------------------
     0 | D:1      | Jawa73 the Gnoll Earth Elementalist began the quest for the
                  | Orb.
     0 | D:1      | Reached XP level 1. HP: 13/13 MP: 6/6
    15 | D:1      | You fall into a shaft and drop 1 floor!
    23 | D:2      | Reached XP level 2. HP: 19/19 MP: 5/7
   833 | D:1      | Reached XP level 3. HP: 25/25 MP: 6/9
   835 | D:1      | Reached skill level 5 in Spellcasting
   841 | D:1      | Learned a level 3 spell: Stone Arrow
   844 | D:1      | Learned a level 2 spell: Passwall
  1016 | D:1      | Reached skill level 1 in Invocations
  1435 | D:2      | Reached skill level 1 in Fighting
  1435 | D:2      | Reached skill level 1 in Short Blades
  1435 | D:2      | Reached skill level 1 in Long Blades
  1435 | D:2      | Reached skill level 1 in Axes
  1435 | D:2      | Reached skill level 1 in Maces & Flails
  1435 | D:2      | Reached skill level 1 in Polearms
  1435 | D:2      | Reached skill level 1 in Staves
  1435 | D:2      | Reached skill level 1 in Slings
  1435 | D:2      | Reached skill level 1 in Bows
  1435 | D:2      | Reached skill level 1 in Crossbows
  1435 | D:2      | Reached skill level 1 in Throwing
  1435 | D:2      | Reached skill level 1 in Armour
  1435 | D:2      | Reached skill level 1 in Shields
  1435 | D:2      | Reached skill level 1 in Unarmed Combat
  1435 | D:2      | Reached skill level 1 in Evocations
  1456 | D:2      | Noticed Sigmund
  1594 | D:2      | Reached XP level 4. HP: 28/32 MP: 8/11
  1684 | D:2      | Killed Sigmund
  1685 | D:2      | Reached skill level 1 in Conjurations
  1685 | D:2      | Reached skill level 1 in Hexes
  1685 | D:2      | Reached skill level 1 in Summonings
  1685 | D:2      | Reached skill level 1 in Necromancy
  1685 | D:2      | Reached skill level 1 in Translocations
  1685 | D:2      | Reached skill level 1 in Fire Magic
  1685 | D:2      | Reached skill level 1 in Ice Magic
  1685 | D:2      | Reached skill level 1 in Air Magic
  1685 | D:2      | Reached skill level 1 in Poison Magic
  1685 | D:2      | Reached XP level 5. HP: 38/38 MP: 5/12
  1685 | D:2      | Reached XP level 6. HP: 44/44 MP: 5/13
  1875 | D:2      | Learned a level 4 spell: Petrify
  3186 | D:3      | Learned a level 3 spell: Ignite Poison
  3675 | D:3      | Reached skill level 5 in Dodging
  5255 | D:4      | Reached XP level 7. HP: 36/50 MP: 11/15
  5935 | D:4      | Reached skill level 5 in Stealth
  6345 | D:4      | Found an ornate altar of the Wu Jian Council.
  6412 | D:4      | Found a stormy altar of Qazlal.
  6412 | D:4      | Found a burning altar of Makhleb.
  6524 | D:4      | Learned a level 3 spell: Mephitic Cloud
  6533 | D:5      | Entered Level 5 of the Dungeon
  6556 | D:5      | Found a shimmering blue altar of Sif Muna.
  6612 | D:5      | Found an opulent altar of Gozag.
  6700 | D:5      | Noticed Prince Ribbit
  6731 | D:5      | Killed Prince Ribbit
  6732 | D:5      | Reached XP level 8. HP: 58/58 MP: 12/16
  6866 | D:5      | Found an ancient bone altar of Kikubaaqudgha.
  7129 | D:5      | Noticed Dowan
  7158 | D:5      | Noticed Duvessa
  7163 | D:5      | Killed Duvessa
  7165 | D:5      | Killed Dowan
  7416 | D:5      | Found Qyhip's Assorted Antiques.
  7533 | D:5      | Bought a pair of gloves for 103 gold pieces
  7533 | D:5      | Bought a scroll of identify for 46 gold pieces
  7533 | D:5      | Bought a scroll labelled ENKUBL KUPHIM for 23 gold pieces
  7533 | D:5      | Bought a scroll labelled JEAHAM TIJUSS for 23 gold pieces
  7681 | D:5      | Noticed Pikel
  7711 | D:5      | Killed Pikel
  7712 | D:5      | Reached XP level 9. HP: 18/65 MP: 4/18
  8491 | D:6      | Found a shimmering altar of Xom.
  8492 | D:6      | Noticed a gargoyle
  8501 | D:6      | Killed a gargoyle
  8502 | D:6      | Reached skill level 5 in Invocations
  8655 | D:6      | Found a staircase to the Ecumenical Temple.
  8673 | Temple   | Entered the Ecumenical Temple
  8702 | Temple   | Became a worshipper of Vehumet
  8852 | D:6      | Learned a level 4 spell: Summon Ice Beast
  9005 | D:6      | Reached XP level 10. HP: 66/73 MP: 20/20
  9334 | D:7      | Reached skill level 5 in Fighting
  9334 | D:7      | Reached skill level 5 in Short Blades
  9334 | D:7      | Reached skill level 5 in Long Blades
  9334 | D:7      | Reached skill level 5 in Axes
  9334 | D:7      | Reached skill level 5 in Maces & Flails
  9334 | D:7      | Reached skill level 5 in Polearms
  9334 | D:7      | Reached skill level 5 in Staves
  9334 | D:7      | Reached skill level 5 in Slings
  9334 | D:7      | Reached skill level 5 in Bows
  9334 | D:7      | Reached skill level 5 in Crossbows
  9334 | D:7      | Reached skill level 5 in Throwing
  9334 | D:7      | Reached skill level 5 in Armour
  9334 | D:7      | Reached skill level 5 in Shields
  9334 | D:7      | Reached skill level 5 in Unarmed Combat
  9334 | D:7      | Reached skill level 5 in Evocations
  9452 | D:7      | Found a glowing silver altar of Zin.
  9555 | D:7      | Reached * piety under Vehumet
  9555 | D:7      | Offered knowledge of Magic Dart by Vehumet.
 10257 | D:8      | Paralysed by a hornet for 2 turns
 10404 | D:8      | Found the +5 robe of Night {Dark Will+ SInv}
 10418 | D:8      | Reached skill level 5 in Transmutations
 11492 | D:8      | Upgraded the game from 0.28-a0-406-g4bac719ec2 to
                  | 0.28-a0-409-g6a72785379
 11540 | D:9      | Found an iron altar of Okawaru.
 11638 | D:9      | Noticed a two-headed ogre
 11650 | D:9      | Killed a two-headed ogre
 11667 | D:9      | Noticed a two-headed ogre
 11675 | D:9      | Killed a two-headed ogre
 11676 | D:9      | Reached XP level 11. HP: 36/81 MP: 22/22
 12035 | D:9      | Noticed a boulder beetle
 12054 | D:9      | Killed a boulder beetle
 12055 | D:9      | Reached skill level 5 in Conjurations
 12055 | D:9      | Reached skill level 5 in Hexes
 12055 | D:9      | Reached skill level 5 in Summonings
 12055 | D:9      | Reached skill level 5 in Necromancy
 12055 | D:9      | Reached skill level 5 in Translocations
 12055 | D:9      | Reached skill level 5 in Fire Magic
 12055 | D:9      | Reached skill level 5 in Ice Magic
 12055 | D:9      | Reached skill level 5 in Air Magic
 12055 | D:9      | Reached skill level 5 in Poison Magic
 12075 | D:9      | Offered knowledge of Searing Ray by Vehumet.
 12374 | D:9      | Noticed a stone giant
 12390 | D:9      | Killed a stone giant
 12575 | D:9      | Learned a level 4 spell: Animate Armour
 12589 | D:9      | Reached ** piety under Vehumet
 12731 | D:9      | Found a glowing golden altar of the Shining One.
 12808 | D:9      | Got the Reference Book on Dark Air
 12912 | D:10     | Entered Level 10 of the Dungeon
 12912 | D:10     | Noticed a wizard
 12989 | D:10     | Killed a wizard
 13017 | D:10     | Found a broken altar of Ashenzari.
 13049 | D:10     | Found a sparkling altar of Nemelex Xobeh.
 13604 | D:10     | Noticed an ogre mage
 13610 | D:10     | Killed an ogre mage
 13661 | D:10     | Noticed a white ugly thing
 13673 | D:10     | Killed a white ugly thing
 14738 | D:11     | Found Levulecs's Jewellery Shoppe.
 14773 | D:11     | Found a flagged portal.
 14774 | D:11     | Noticed a two-headed ogre
 14790 | D:11     | Killed a two-headed ogre
 14791 | D:11     | Reached XP level 12. HP: 67/89 MP: 8/24
 14833 | Bailey   | Entered a bailey
 14965 | Bailey   | Offered knowledge of Frozen Ramparts by Vehumet.
 14969 | Bailey   | Noticed an orc warlord
 15172 | Bailey   | Found a runed translucent gate.
 15172 | Bailey   | Found a runed translucent gate.
 15172 | Bailey   | Found a runed translucent gate.
 15223 | Bailey   | Reached *** piety under Vehumet
 15713 | Bailey   | Reached XP level 13. HP: 97/97 MP: 24/26
 15954 | D:11     | Acquired 937 gold pieces
 16074 | D:11     | Found a staircase to the Lair.
 16392 | D:11     | You fall into a shaft and drop 1 floor!
 17337 | D:12     | Learned a level 5 spell: Freezing Cloud
 17876 | D:11     | Found a staircase to the Orcish Mines.
 17879 | D:11     | Offered knowledge of Hailstorm by Vehumet.
 18603 | D:12     | Reached **** piety under Vehumet
 19526 | Orc:1    | Entered Level 1 of the Orcish Mines
 19528 | Orc:1    | Offered knowledge of Inner Flame by Vehumet.
 20703 | Orc:1    | Noticed Maurice
 20713 | Orc:1    | Killed Maurice
 20859 | Orc:2    | Entered Level 2 of the Orcish Mines
 20954 | D:11     | Bought the ring "Ekkutyruze" {rF+++ EV+4 Int-2 Dex+5} for
                  | 1348 gold pieces
 20954 | D:11     | Bought an amulet of reflection for 480 gold pieces
 21301 | Orc:2    | Found a staircase to the Elven Halls.
 21401 | Orc:2    | Reached XP level 14. HP: 70/106 MP: 14/27
 21419 | Orc:2    | Reached ***** piety under Vehumet
 21648 | Orc:2    | Reached skill level 10 in Spellcasting
 21654 | Orc:2    | Offered knowledge of Fulminant Prism by Vehumet.
 21666 | Orc:2    | Reached skill level 10 in Dodging
 21753 | Orc:2    | Reached skill level 10 in Stealth
 22050 | Orc:2    | Found Gait's Magic Scroll Shop.
 22050 | Orc:2    | Found Yntoj's Magic Scroll Shoppe.
 22051 | Orc:2    | Found Qiurrafa's Weapon Emporium.
 22051 | Orc:2    | Found Faeqaex's Book Shop.
 22075 | Orc:2    | Bought a scroll of acquirement for 572 gold pieces
 22082 | Orc:2    | Acquired 911 gold pieces
 22090 | Orc:2    | Bought a book of Blasting for 576 gold pieces
 22090 | Orc:2    | Acquired the +7 arbalest "Vuudues" {speed, rPois rF+ rN+
                  | Stlth+}
 22102 | Orc:2    | Learned a level 5 spell: Lee's Rapid Deconstruction
 22221 | Orc:2    | Reached skill level 10 in Invocations
 22561 | Orc:1    | Found Vipeir's Jewellery Boutique.
 23129 | Lair:1   | Entered Level 1 of the Lair of Beasts
 23133 | Lair:1   | Upgraded the game from 0.28-a0-409-g6a72785379 to
                  | 0.28-a0-413-gde365fb1df
 23138 | Lair:1   | Learned a level 4 spell: Fulminant Prism
 24080 | Lair:1   | Noticed Gastronok
 24086 | Lair:1   | Killed Gastronok
 24652 | Lair:2   | Reached XP level 15. HP: 114/114 MP: 11/29
 25060 | Lair:2   | Found a staircase to the Shoals.
 26043 | Lair:3   | Found a hole to the Spider Nest.
 26127 | Lair:3   | You fall into a shaft and drop 1 floor!
 26260 | Lair:4   | Noticed Snorg
 26265 | Lair:4   | Killed Snorg
 27492 | Lair:4   | Reached skill level 10 in Earth Magic
 28678 | Lair:5   | Offered knowledge of Starburst by Vehumet.
 28684 | Lair:5   | Reached skill level 10 in Fighting
 28684 | Lair:5   | Reached skill level 10 in Short Blades
 28684 | Lair:5   | Reached skill level 10 in Long Blades
 28684 | Lair:5   | Reached skill level 10 in Axes
 28684 | Lair:5   | Reached skill level 10 in Maces & Flails
 28684 | Lair:5   | Reached skill level 10 in Polearms
 28684 | Lair:5   | Reached skill level 10 in Staves
 28684 | Lair:5   | Reached skill level 10 in Slings
 28684 | Lair:5   | Reached skill level 10 in Bows
 28684 | Lair:5   | Reached skill level 10 in Crossbows
 28684 | Lair:5   | Reached skill level 10 in Throwing
 28684 | Lair:5   | Reached skill level 10 in Armour
 28684 | Lair:5   | Reached skill level 10 in Shields
 28684 | Lair:5   | Reached skill level 10 in Unarmed Combat
 28684 | Lair:5   | Reached skill level 10 in Evocations
 29054 | Lair:5   | Found a staircase to the Slime Pits.
 30075 | Lair:6   | Entered Level 6 of the Lair of Beasts
 31550 | Lair:6   | Reached XP level 16. HP: 114/123 MP: 10/31
 31890 | Orc:1    | Learned a level 6 spell: Starburst
 32386 | Lair:6   | Offered knowledge of Iron Shot by Vehumet.
 32448 | Lair:6   | Identified the +2 scale mail of Moral Flaws {rC++}
 33441 | D:13     | Noticed Rupert
 33441 | D:13     | Noticed Urug
 33441 | D:13     | Found a gate to the Vaults.
 33549 | D:13     | Found a gate leading to a gauntlet.
 33556 | Gauntlet | Entered a Gauntlet
 33556 | Gauntlet | Found a transporter.
 33670 | Gauntlet | Found a transporter.
 33673 | Gauntlet | Found a transporter.
 33674 | Gauntlet | Found a transporter.
 33716 | Gauntlet | Found a transporter.
 33720 | Gauntlet | Found a transporter.
 33725 | Gauntlet | Found a transporter.
 33733 | Gauntlet | Found a transporter.
 33736 | Gauntlet | Found a transporter.
 33741 | Gauntlet | Found a transporter.
 33749 | Gauntlet | Found a transporter.
 33753 | Gauntlet | Found a transporter.
 33759 | Gauntlet | Found a transporter.
 33766 | Gauntlet | Found a transporter.
 33979 | Gauntlet | Identified the +0 helmet of the Journeyman {Rampage Int-2
                  | Dex+7}
 34046 | Gauntlet | Identified the +11 morningstar "Hydraslayer" {spect, +Rage}
 34734 | D:13     | Killed Urug
 35044 | D:13     | Killed Rupert
 35567 | D:13     | Offered knowledge of Ozocubu's Refrigeration by Vehumet.
 36315 | D:14     | Noticed Josephine
 36320 | D:14     | Killed Josephine
 36412 | D:14     | Learned a level 2 spell: Blink
 37218 | D:15     | Entered Level 15 of the Dungeon
 37530 | D:15     | Found a staircase to the Depths.
 37543 | D:15     | Reached XP level 17. HP: 56/131 MP: 33/33
 39304 | Spider:1 | Entered Level 1 of the Spider Nest
 39345 | Spider:1 | HP: 2/131 [wolf spider (8)]
 39346 | Spider:1 | Slain by a wolf spider

Illustrated notes

Levels and vault maps discovered:
D:1:      tarquinn_simple_flora_water_b, layout_rooms
D:2:      layout_rooms, uniq_sigmund
D:3:      layout_basic, minmay_randomly_rotated_circles
D:4:      layout_cave_pools, nzn_wu_jian_council_hall,
          gammafunk_temple_overflow_wave, chequers_avenue
D:5:      layout_loops_ring, grunt_gozag_breadcrumbs, tgw_kikubaaqudgha,
          mainiacjoe_overflow_brackets, serial_shops,
          nicolae_inconvenience_store, kennysheep_boxes, uniq_duvessa,
          uniq_pikel, uniq_prince_ribbit1
D:6:      layout_basic, mainiacjoe_overflow_catwalk,
          minmay_temple_entry_sparse_star
D:7:      layout_cave_pools, kennysheep_mini_moat, amethyst_killhole,
          kb_lookout_dungeons_type
D:8:      layout_loops_ring, hellmonk_guarded_unrand_night
D:9:      layout_roguey, old_standard_altar, okawaru_trees_1,
          kennysheep_just_a_vault
D:10:     minmay_tri_box, layout_long_grid, marbit_many_paths,
          nemelex_xobeh_ov_fountains_minmay
D:11:     layout_loops_ring, david_lair_generic,
          kennysheep_orc_monster_closet_entryway, serial_shops,
          nicolae_stop_n_shop_1, lightli_bailey_entry_fortress,
          hangedman_abyss_or_decor_stagger, kennysheep_generic_room_8
D:12:     layout_roguey
D:13:     layout_basic, david_vaults_3, gauntlet_entry_generic,
          nrook_guardian_serpent_ordinary
D:14:     layout_long_grid, uniq_josephine
D:15:     grunt_enter_depths_snipers, layout_stronghold, dk_noncrumbling_4,
          chequers_jeans
Temple:   cyrus_temple_forest
Lair:1:   layout_cave_pods, grunt_forest_small_clearings, uniq_gastronok
Lair:2:   layout_cellular_growth, minmay_shoals_entry_lonely_mermaid,
          grunt_megastairs_3
Lair:3:   layout_roguey, nicolae_spider_entry_tight_spaces
Lair:4:   layout_regular_city, uniq_snorg
Lair:5:   layout_cave_pods, slime_dummy, grunt_megastairs_1
Lair:6:   hangedman_lair_caniforms_friends, layout_gridlike,
          hangedman_lair_in_review, minmay_stone_trees_small,
          chequers_serial_rivers_large_a, serial_bayou_shore_b
Spider:1: layout_chambers, hangedman_spider_tarantella_strand
Orc:1:    minmay_goldmine, layout_caves, basic_altar, serial_shops, shop_statue,
          nicolae_orc_bridge_out, uniq_maurice
Orc:2:    st_orc_ogre_mass, layout_diamond_mine, basic_altar

Skill      XL: |  1  2  3  4  5  6  7  8  9 10 11 12 13 14 15 16 17 |
---------------+----------------------------------------------------+-----
Transmutations | 2 3 4 5 6 7 8 9 |  9.8
Spellcasting   | 5 6 7 8 9 10 11 12 | 12.2
Invocations    | 1 2 3 4 5 6 7 8 9 10 11 12 | 12.1
Fighting       | 1 2 3 4 5 6 7 8 9 10 11 | 11.2
Short Blades   | 1 2 3 4 5 6 7 8 9 10 11 | 11.2
Long Blades    | 1 2 3 4 5 6 7 8 9 10 11 | 11.2
Axes           | 1 2 3 4 5 6 7 8 9 10 11 | 11.2
Maces & Flails | 1 2 3 4 5 6 7 8 9 10 11 | 11.2
Polearms       | 1 2 3 4 5 6 7 8 9 10 11 | 11.2
Staves         | 1 2 3 4 5 6 7 8 9 10 11 | 11.2
Slings         | 1 2 3 4 5 6 7 8 9 10 11 | 11.2
Bows           | 1 2 3 4 5 6 7 8 9 10 11 | 11.2
Crossbows      | 1 2 3 4 5 6 7 8 9 10 11 | 11.2
Throwing       | 1 2 3 4 5 6 7 8 9 10 11 | 11.2
Armour         | 1 2 3 4 5 6 7 8 9 10 11 | 11.2
Shields        | 1 2 3 4 5 6 7 8 9 10 11 | 11.2
Unarmed Combat | 1 2 3 4 5 6 7 8 9 10 11 | 11.2
Evocations     | 1 2 3 4 5 6 7 8 9 10 11 | 11.2
Conjurations   | 1 2 3 4 5 6 7 8 9 |  9.6
Hexes          | 1 2 3 4 5 6 7 8 9 |  9.6
Summonings     | 1 2 3 4 5 6 7 8 9 |  9.6
Necromancy     | 1 2 3 4 5 6 7 8 9 |  9.6
Translocations | 1 2 3 4 5 6 7 8 9 |  9.6
Fire Magic     | 1 2 3 4 5 6 7 8 9 |  9.6
Ice Magic      | 1 2 3 4 5 6 7 8 9 |  9.6
Air Magic      | 1 2 3 4 5 6 7 8 9 |  9.6
Poison Magic   | 1 2 3 4 5 6 7 8 9 |  9.6
Dodging        | 5 6 7 8 9 10 11 12 | 12.0
Stealth        | 5 6 7 8 9 10 11 | 11.9
Earth Magic    | 6 7 8 9 10 | 10.9

Action                   |  1- 3 |  4- 6 |  7- 9 | 10-12 | 13-15 | 16-18 || total
-------------------------+-------+-------+-------+-------+-------+-------++-------
Melee: Club              |    21 |       |       |       |       |       ||    21
       Unarmed           |     1 |       |       |       |       |       ||     1
       Short sword       |    13 |       |       |       |       |       ||    13
       Bite              |     2 |     5 |     9 |    26 |    78 |    20 ||   140
       Punch             |     1 |       |     2 |     6 |    20 |       ||    29
       Dagger            |       |   102 |    74 |   165 |   235 |       ||   576
       Morningstar       |       |       |    89 |   123 |   385 |   239 ||   836
 Fire: Arbalest          |       |       |       |       |    30 |       ||    30
Throw: Stone             |       |       |       |       |     1 |       ||     1
 Cast: Sandblast         |    41 |    14 |    16 |    14 |       |       ||    85
       Stone Arrow       |     3 |    28 |    29 |    49 |    99 |    28 ||   236
       Passwall          |     2 |     4 |    14 |    18 |    30 |       ||    68
       Ignite Poison     |       |     6 |     6 |    28 |    24 |       ||    64
       Petrify           |       |     2 |     9 |    10 |     3 |       ||    24
       Mephitic Cloud    |       |       |     4 |    32 |    13 |       ||    49
       Summon Ice Beast  |       |       |       |    13 |    31 |     4 ||    48
       Freezing Cloud    |       |       |       |       |   120 |    64 ||   184
       Lee's Rapid Decon |       |       |       |       |    42 |    31 ||    73
       Fulminant Prism   |       |       |       |       |     4 |     3 ||     7
       Starburst         |       |       |       |       |       |     2 ||     2
       Blink             |       |       |       |       |       |     2 ||     2
Evoke: Wand              |       |       |       |       |     2 |       ||     2
  Use: Scroll            |     3 |     5 |    17 |     9 |    10 |    11 ||    55
       Potion            |       |     5 |       |     1 |       |     3 ||     9
 Stab: Sleeping          |     3 |     4 |     3 |    16 |    10 |     7 ||    43
       Petrified         |       |       |     7 |     4 |     1 |       ||    12
       Petrifying        |       |       |     1 |     1 |     1 |       ||     3
       Distracted        |       |       |     1 |       |     4 |     2 ||     7
       Confused          |       |       |       |     2 |       |       ||     2
Armor: Robe              |    23 |    39 |    88 |   138 |   177 |    61 ||   526
Dodge: Dodged            |    94 |   129 |   156 |   265 |   538 |   195 ||  1377
Block: Other             |       |       |       |       |    95 |       ||    95
       Reflection        |       |       |       |       |     1 |    13 ||    14
       Buckler           |       |       |       |       |       |   185 ||   185

Table legend: (Time is in decaauts)
 A = Elapsed time spent in this place.
 B = Non-inter-level travel time spent in this place.
 C = Inter-level travel time spent in this place.
 D = Time resting spent in this place.
 E = Time spent auto-exploring this place.
 F = Levels seen in this place.
 G = Mean time per level.
                   A        B        C        D        E       F      G
               +--------+--------+--------+--------+--------+-----+--------+
         Total |  39326 |  36969 |   2357 |  10305 |  16487 |  27 | 1456.5 |
       Dungeon |  23373 |  21866 |   1507 |   6815 |   9052 |  15 | 1558.2 |
        Temple |    132 |    132 |      0 |      0 |      0 |   1 |  132.0 |
          Lair |  10243 |   9636 |    607 |   1648 |   6100 |   6 | 1707.2 |
   Spider Nest |     41 |     41 |      0 |     13 |      0 |   1 |   41.0 |
  Orcish Mines |   3562 |   3320 |    242 |    739 |   1326 |   2 | 1781.0 |
        Bailey |    910 |    910 |      0 |    475 |      0 |   1 |  910.0 |
      Gauntlet |   1062 |   1062 |      0 |    615 |      9 |   1 | 1062.0 |
               +--------+--------+--------+--------+--------+-----+--------+

Top non-repeatable levels by time:
     D:3: 2993 daAuts
  Lair:6: 2794 daAuts
    D:12: 2173 daAuts
    D:11: 1946 daAuts
    D:15: 1907 daAuts
  Lair:5: 1891 daAuts
   Orc:1: 1814 daAuts
   Orc:2: 1748 daAuts
     D:5: 1717 daAuts
    D:13: 1707 daAuts
    D:10: 1654 daAuts
  Lair:1: 1604 daAuts
  Lair:4: 1543 daAuts
     D:1: 1516 daAuts
     D:9: 1485 daAuts
